 Dungeon Crawl Stone Soup version 0.28.0-53-g5a82cb258f (webtiles) character file.

Game seed: 2531428699192913776

135 safid the Chopper (level 5, -2/46 HPs)
             Began as a Hill Orc Fighter on Aug 20, 2022.
             Slain by Duvessa
             ... wielding a +0 short sword
              (3 damage)
             ... on level 4 of the Dungeon.
             The game lasted 00:02:45 (2548 turns).

safid the Chopper (Hill Orc Fighter)                Turns: 2548, Time: 00:02:46

Health: -2/46      AC:  9    Str: 21    XL:     5   Next: 18%
Magic:  5/5        EV:  7    Int:  8    God:
Gold:   91         SH:  4    Dex: 10    Spells: 4/4 levels left

rFire   . . .      SeeInvis .   a - +0 war axe
rCold   . . .      Faith    .   c - +0 buckler
rNeg    . . .      Spirit   .   i - +0 chain mail
rPois   .          Reflect  .   (no helmet)
rElec   .          Harm     .   (no cloak)
rCorr   .          Rampage  .   (no gloves)
Will    .....                   (no boots)
Stlth   ..........              (no amulet)
HPRegen 0.15/turn               (no ring)
MPRegen 0.09/turn               (no ring)

@: mighty
A: no striking features
a: no special abilities


You were on level 4 of the Dungeon.
You visited 1 branch of the dungeon, and saw 4 of its levels.

You collected 91 gold pieces.

Inventory:

Hand Weapons
 a - a +0 war axe (weapon)
Missiles
 j - 3 poisoned darts (quivered)
 l - 3 javelins
Armour
 c - a +0 buckler (worn)
 i - a +0 chain mail (worn)
Wands
 n - a wand of iceblast (2)
Scrolls
 f - a scroll of teleportation {unknown}
 g - 2 scrolls of amnesia {unknown}
 k - 2 scrolls of fog {unknown}
 m - 2 scrolls of vulnerability {unknown}
Potions
 b - a potion of curing {unknown}
 e - a potion of heal wounds {unknown}
 h - a potion of ambrosia {unknown}


   Skills:
 - Level 4.0 Fighting
 + Level 5.4 Axes
 - Level 4.0 Armour
 - Level 4.0 Shields


You had 4 spell levels left.
You didn't know any spells.
Your spell library contained the following spells:

 Spells                   Type           Power      Damage    Failure   Level
 Animate Skeleton         Necr           0%         N/A       99%         1
 Magic Dart               Conj           0%         1d3       99%         1
 Pain                     Necr           0%         1d4       99%         1
 Summon Small Mammal      Summ           0%         N/A       99%         1
 Call Imp                 Summ           0%         N/A       100%        2
 Static Discharge         Conj/Air       0%         N/A       100%        2
 Call Canine Familiar     Summ           0%         N/A       100%        3
 Mephitic Cloud           Conj/Pois/Air  0%         N/A       100%        3
 Summon Guardian Golem    Hex/Summ       0%         N/A       100%        3
 Vampiric Draining        Necr           0%         2d6       100%        3
 Dispel Undead            Necr           0%         3d6       100%        4
 Sticky Flame             Conj/Fire      0%         2d3       100%        4
 Alistair's Intoxication  Tmut/Pois      0%         N/A       100%        5
 Borgnjor's Vile Clutch   Necr/Erth      0%         N/A       100%        5
 Eringya's Noxious Bog    Tmut/Pois      0%         N/A       100%        6


Dungeon Overview and Level Annotations

Branches:
Dungeon (4/15)
 Temple: D:4-7

Altars:
Cheibriados

Shops:
D:1 !

Annotations:
D:4 Dowan, Duvessa


Message History

You are too injured to fight recklessly!
You are too injured to fight recklessly!
You are too injured to fight recklessly!
You are too injured to fight recklessly!
You are too injured to fight recklessly!
You are too injured to fight recklessly!
You are too injured to fight recklessly!
Unknown command.
Dowan says, "Stay away from my face!"
Duvessa hits you with a +0 short sword.
Unknown command.
You closely miss Duvessa.
Duvessa is moderately wounded.
Duvessa hits you but does no damage. x2
You feel very mighty all of a sudden. Duvessa hits you but does no damage.
You closely miss Duvessa.
Duvessa is moderately wounded.
Duvessa hits you but does no damage. Duvessa hits you with a +0 short sword!
You closely miss Duvessa.
Duvessa is moderately wounded.
Duvessa yells, "You can run, but you cannot escape us forever!"
Duvessa hits you with a +0 short sword.
* * * LOW HITPOINT WARNING * * *
Duvessa hits you but does no damage.
Unknown command.
You slash Duvessa!
Duvessa is heavily wounded.
Duvessa says, "When magic and the sword combine, nothing stands against them."
Duvessa closely misses you.
Duvessa gestures with her weapon.
Duvessa hits you with a +0 short sword.
* * * LOW HITPOINT WARNING * * *
You completely miss Duvessa.
Duvessa is heavily wounded.
Duvessa hits you with a +0 short sword!
* * * LOW HITPOINT WARNING * * *
Dowan gestures wildly while chanting.
Dowan blinks!
Duvessa hits you with a +0 short sword.
You die...

.. .. ## ... # . .###. .###. .##
##. .#.###.#. .# #.. #...#...# #.
#...#####...#...#####. #.#
#...#...#...#...#...#. . ... #
#.....#.###.#.....# .# $.# ..
##@..###...###...## .. #.####.
#e###.#.....#.###.# #.##.....#
#...#...#...#...#...
....(..#.#####.ยง.#...#####...#...
#......#.#.. #...#...#...#...#...
....<...# ....#.###.#.....#.###.#
.#.....###. .###. .###. .###. .##
.#......#.###.#.....#.###.#.....#
#....###...#...#. #...#...#...#.


You could see Duvessa (fast).

Vanquished Creatures
  Ijyb (D:4)
  3 adders (D:2)
  An adder skeleton (D:4)
  3 worms
  3 dart slugs
  An orc (D:3)
  7 ball pythons
  7 endoplasms
  7 goblins
  A hobgoblin (D:1)
  4 jackals (D:3)
  8 kobolds
  3 quokkas
  8 bats
  5 frilled lizards
  4 rats
66 creatures vanquished.

Notes
Turn   | Place    | Note
-------+----------+-------------------------------------------
     0 | D:1      | safid the Hill Orc Fighter began the quest for the Orb.
     0 | D:1      | Reached XP level 1. HP: 19/19 MP: 1/1
    75 | D:1      | Reached skill level 3 in Axes
    75 | D:1      | Reached XP level 2. HP: 25/27 MP: 2/2
   275 | D:1      | Found Kayzalen's Distillery.
   276 | D:1      | Found a faded altar of an unknown god.
   850 | D:1      | Reached XP level 3. HP: 31/33 MP: 3/3
  1114 | D:2      | Found a snail-covered altar of Cheibriados.
  1235 | D:2      | Reached XP level 4. HP: 36/40 MP: 4/4
  1405 | D:2      | Reached skill level 4 in Axes
  2369 | D:4      | Noticed Ijyb
  2386 | D:4      | Killed Ijyb
  2387 | D:4      | Reached skill level 5 in Axes
  2387 | D:4      | Reached XP level 5. HP: 41/46 MP: 5/5
  2531 | D:4      | Noticed Dowan
  2532 | D:4      | Noticed Duvessa
  2548 | D:4      | HP: 1/46 [Duvessa/+0 short sword (8)]
  2548 | D:4      | Slain by Duvessa

Illustrated notes

Levels and vault maps discovered:
D:1:      erik_arrival_orb_chamber, layout_basic,
          ebering_ecumenical_altar_sacrificial, serial_shops,
          nicolae_shop_statue_plus
D:2:      layout_basic, basic_altar, st_stairs_4
D:3:      layout_loops_ring, kennysheep_decorative_pillar
D:4:      nicolae_cairo_tiling, layout_loops_ring, fedhas_altar_2, uniq_duvessa,
          uniq_natasha, uniq_ijyb

Skill      XL: |  1  2  3  4 |
---------------+-------------+-----
Axes           | 3 5 |  5.4
Fighting       | 4 |  4.0
Armour         | 4 |  4.0
Shields        | 4 |  4.0

Action                   |  1- 3 |  4- 6 || total
-------------------------+-------+-------++-------
Melee: War axe           |    86 |   112 ||   198
  Use: Potion            |       |     1 ||     1
Armor: Scale mail        |    42 |       ||    42
       Chain mail        |     7 |    77 ||    84
Dodge: Dodged            |    49 |    38 ||    87
Block: Buckler           |    21 |    33 ||    54
